 Dungeon Crawl Stone Soup version 0.21-a0-529-g8c7b3f5 (webtiles) character file.

212312 mopl the Spear-Bearer (level 19, -3/151 HPs)
             Began as a Gnoll Berserker on Dec 9, 2017.
             Was the Champion of Trog.
             Slain by a naga warrior
             ... wielding a +0 halberd
              (20 damage)
             ... on level 4 of the Snake Pit.
             The game lasted 01:53:39 (44087 turns).

mopl the Spear-Bearer (Gnoll Berserker)            Turns: 44087, Time: 01:53:40

Health: -3/151     AC: 44    Str: 25    XL:     19   Next: 32%
Magic:  35/35      EV: 18    Int:  9    God:    Trog [******]
Gold:   1930       SH:  0    Dex: 18    Spells: 43/43 levels left

rFire    . . .     SeeInvis +   a - +9 lajatang (pain)
rCold    . . .     Gourm    .   (shield currently unavailable)
rNeg     . . .     Faith    +   L - +15 Maxwell's patent armour {-Cast -Tele rElec MR+ rCorr}
rPois    .         Spirit   .   r - +2 helmet {SInv}
rElec    +         Reflect  .   Z - +1 cloak
rCorr    +         Harm     .   X - +3 pair of gauntlets of War {Slay+5}
MR       +++++     NoTele   +   Y - +1 pair of boots Stlth +.........NoCast +
                                W - amulet of faith {!P}
HPRegen  1.35/turn              K - +2 ring of evasion
MPRegen  0.24/turn              G - ring of protection from magic

@: lethally poisoned (-3 -> -6), berserk cooldown, regenerating, slowed, very
slow
A: distributed training, fangs 1, strong nose
a: Berserk, Trog's Hand, Brothers in Arms, Burn Spellbooks, Renounce Religion


You were on level 4 of the Snake Pit.
You worshipped Trog.
Trog was exalted by your worship.
You were not hungry.

You visited 5 branches of the dungeon, and saw 30 of its levels.
You also visited: Labyrinth, Sewer and Bailey.

You collected 4259 gold pieces.
You spent 2329 gold pieces at shops.

Inventory:

Hand Weapons
 a - a +9 lajatang of pain (weapon)
 b - a +2 longbow of electrocution
 d - a +0 blowgun
 y - a +4 antimagic demon whip
 N - the +0 great sword of Ynig {freeze, rPois}
   (You took it off a deep elf elementalist on level 3 of the Elven Halls)

   It has been specially enchanted to freeze those struck by it, causing extra
   injury to most foes and up to half again as much damage against particularly
   susceptible opponents.
   It can also slow down cold-blooded creatures.
   It protects you from poison.
Missiles
 g - 996 arrows
 k - 8 needles of paralysis
 o - 70 bolts
 J - 19 tomahawks (quivered)
Armour
 r - a +2 helmet of see invisible (worn)
 D - the +7 ring mail "Satwonk" {*Corrode rF+ rC+ Int+2}
   (You found it on level 1 of the Snake Pit)

   It affects your intelligence (+2).
   It protects you from fire.
   It protects you from cold.
   It may corrode you when you take damage.
 L - the +15 Maxwell's patent armour (worn) {-Cast -Tele rElec MR+ rCorr}
   (You acquired it on level 13 of the Dungeon)

   It insulates you from electricity.
   It affects your resistance to hostile enchantments.
   It prevents spellcasting.
   It prevents most forms of teleportation.
   It protects you from acid and corrosion.
 X - the +3 pair of gauntlets of War (worn) {Slay+5}
   (You found it on level 13 of the Dungeon)

   It affects your accuracy and damage with ranged weapons and melee attacks
   (+5).
 Y - a +1 pair of boots (worn)
 Z - a +1 cloak (worn)
Jewellery
 p - the ring "Ziosu" {Ice +Fly rN++ MP+9 Dex+2}
   (You took it off a deep elf death mage on level 3 of the Elven Halls)

   [ring of ice]

   It enhances your ice magic.
   It affects your dexterity (+2).
   It makes you vulnerable to fire.
   It protects you from cold.
   It greatly protects you from negative energy.
   It affects your magic capacity (+9).
   It lets you fly.
 s - an uncursed ring of protection from fire
 G - a ring of protection from magic (right hand)
 K - a +2 ring of evasion (left hand)
 W - an amulet of faith (around neck) {!P}
Wands
 f - a wand of paralysis (17)
 h - a wand of clouds (3)
 j - a wand of polymorph (32)
 m - a wand of iceblast (44)
 F - a wand of disintegration (7)
 H - a wand of enslavement (18)
 R - a wand of digging (24)
 V - a wand of acid (3)
Scrolls
 i - 5 scrolls of fog
 l - 18 scrolls of teleportation
 q - a scroll of enchant weapon
 A - 4 scrolls of summoning
 B - 3 scrolls of blinking
 C - 2 scrolls of magic mapping
 E - 4 scrolls of fear
 I - 2 scrolls of silence {!r}
 O - 7 scrolls of remove curse
 U - 4 scrolls of identify
Potions
 e - 10 potions of heal wounds
 n - 14 potions of curing
 t - 7 potions of haste
 v - a potion of ambrosia
 x - 6 potions of cancellation
 z - 5 potions of flight
 M - 3 potions of agility
 Q - 4 potions of might
Miscellaneous
 u - a fan of gales
 w - a lamp of fire
 P - a lightning rod (4/4)
 S - a phantom mirror
 T - 3 boxes of beasts
Comestibles
 c - 12 bread rations


   Skills:
 + Level 13.8 Fighting
 + Level 12.5 Short Blades
 + Level 12.5 Long Blades
 + Level 12.5 Axes
 + Level 12.5 Maces & Flails
 + Level 13.8 Polearms
 + Level 12.5 Staves
 + Level 12.5 Slings
 + Level 12.5 Bows
 + Level 12.5 Crossbows
 + Level 12.5 Throwing
 + Level 13.2 Armour
 + Level 13.2 Dodging
 + Level 12.5 Stealth
 + Level 12.5 Shields
 + Level 12.5 Unarmed Combat
 + Level 12.5 Spellcasting
 + Level 10.7 Conjurations
 + Level 10.7 Hexes
 + Level 10.7 Charms
 + Level 10.7 Summonings
 + Level 10.7 Necromancy
 + Level 10.7 Translocations
 + Level 10.7 Transmutations
 + Level 10.7 Fire Magic
 + Level 10.7 Ice Magic
 + Level 10.7 Air Magic
 + Level 10.7 Earth Magic
 + Level 10.7 Poison Magic
 + Level 13.5 Invocations
 + Level 12.5 Evocations


You had 43 spell levels left.
You didn't know any spells.

Dungeon Overview and Level Annotations

Branches:
Dungeon (15/15)            Temple (0/1) D:6            Lair (6/6) D:9
 Shoals (0/4) Lair:4        Snake (4/4) Lair:3        Slime (0/5) Lair:6
    Orc (2/2) D:11            Elf (3/3) Orc:2        Vaults (0/5) D:14
 Depths (0/5) D:15

Altars:
Kikubaaqudgha
Uskayaw
Vehumet
Yredelemnul

Shops:
D:8 ?([=[   D:14 (   D:15 ?}   Orc:2 !!=(   Elf:3 %   Snake:3 [   Snake:4 [?[

Annotations:
Snake:3 mutation
Elf:2 3 runed doors


Innate Abilities, Weirdness & Mutations

Your experience applies equally to all skills.
You have very sharp teeth.
Your uncanny sense of smell can sniff out nearby items.


Message History

You feel very sick.
The naga warrior is engulfed in freezing vapours.
Unknown command.
You feel the effects of Trog's Hand fading.
You feel very sick.
The naga warrior is engulfed in freezing vapours.
The naga warrior hits you but does no damage.
The naga warrior completely misses you.
The naga warrior is engulfed in freezing vapours.
The naga warrior spits poison at you. The splash of poison hits you!
You are more poisoned.
* * * LOW HITPOINT WARNING * * *
Unknown command.
You slash the naga warrior!
The naga warrior writhes in agony.
The naga warrior is severely wounded.
You feel sick.
The naga warrior is engulfed in freezing vapours.
The naga warrior hits you with a halberd!!
You die...

#...(.(((.(.......
#.((((# ....#
#.?[..# #..^# ∆
#§§§§§# #...####.#
#§§§§§####.........
#N§§§.)..N...###.#
#.§§§.........#..#
#....#N####).......#
.....##@# #...[....#
.....# #.#
#.##)....#####
.........# #.
#........).
......#### ..
##....)...# .....
#.# #........# ...
.. #)÷....... ## #.#
#.)......#
#........#
#........#


You could see a naga warrior and a naga mage.

Vanquished Creatures
  2 deep elf blademasters (Elf:3)
  2 deep elf master archers (Elf:3)
  3 nagarajas
  A fire giant (D:15)
  4 deep elf sorcerers (Elf:3)
  4 deep elf elementalists (Elf:3)
  Nessos (D:15)
  7 deep elf demonologists
  7 deep elf annihilators
  The ghost of Typee the Arsonist, a journeyman OpFE of Ru (Lair:4)
  5 deep elf death magi (Elf:3)
  A minotaur (Lab)
  3 deep elf high priests
  16 naga warriors
  2 centaur warriors
  19 anacondas
  4 hydras
  A catoblepas (Lair:6)
  22 two-headed ogres
  17 dancing weapons
  5 ogre magi
  A tengu warrior (D:13)
  A deep troll shaman (Lair:6)
  5 death yaks (Lair:6)
  5 shock serpents
  Urug (Lair:2)
  8 naga sharpshooters
  An orc high priest (Orc:1)
  7 deep elf knights
  Nergalle (D:10)
  14 naga ritualists
  3 unseen horrors
  A lindwurm (Lair:6)
  Pikel (D:7)
  7 deep elf archers
  A harpy (shapeshifter) (D:15)
  A wolf spider zombie (D:12)
  An orc knight (Bailey)
  15 mana vipers
  41 deep elf magi
  An orc sorcerer (Elf:3)
  7 ugly things
  2 cyclopes
  14 elephants
  2 manticores
  9 salamanders
  6 guardian serpents
  Joseph (D:7)
  45 black mambas
  34 naga magi
  5 centaur skeletons
  Psyche (D:8)
  7 spiny frogs
  A small abomination (Elf:3)
  A gargoyle (D:14)
  6 komodo dragons
  A tengu conjurer (D:13)
  7 trolls
  3 polar bears (Lair:6)
  A queen bee (shapeshifter) (Elf:3)
  11 blink frogs
  5 slime creatures (D:13)
  5 dream sheep (Lair:5)
  A meliai zombie (D:15)
  13 hippogriffs
  6 water elementals
  A spriggan (D:12)
  A wraith (D:13)
  2 shadows (D:13)
  5 wyverns
  24 yaks
  A vampire (D:13)
  A basilisk (Lair:4)
  10 fire elementals
  A steam dragon (D:14)
  2 hungry ghosts
  9 vampire mosquitoes
  44 nagas
  A soldier ant (D:14)
  An acid dragon (D:14)
  3 wargs
  13 water moccasins
  8 porcupines
  A floating eye (shapeshifter) (Elf:3)
  27 orc warriors
  A hornet zombie (D:15)
  4 sky beasts
  2 black bears
  2 slaves (D:7)
  2 eyes of draining
  4 phantoms
  6 ice beasts
  22 ogres
  9 wolves
  10 centaurs
  16 crocodiles
  3 big kobolds
  16 bullfrogs
  A gnoll sergeant (Orc:2)
  An earth elemental (Elf:3)
  A wyvern zombie (D:14)
  5 scorpions
  10 killer bees
  3 vampire bats (Lair:6)
  9 wights
  9 howler monkeys
  2 electric eels (Lair:4)
  4 bullfrog zombies
  4 centaur zombies
  5 crimson imps
  A quasit (D:15)
  9 jellies
  9 orc priests
  7 hounds
  Crazy Yiuf (D:7)
  A bullfrog skeleton (D:10)
  Natasha (thrice) (D:2)
  2 iguanas
  20 orc wizards
  10 worker ants
  A worker ant zombie (D:11)
  Robin (D:2)
  A howler monkey skeleton (D:9)
  20 adders
  7 gnolls
  2 river rats (Sewer)
  2 shadow imps
  4 oozes
  An adder zombie (D:7)
  An adder skeleton (D:7)
  7 worms
  3 dart slugs
  5 leopard geckos
  73 orcs
  5 giant cockroaches
  16 goblins
  15 hobgoblins
  17 jackals
  24 kobolds
  6 quokkas
  5 ball pythons
  19 bats
  5 frilled lizards
  A jackal skeleton (D:4)
  A leopard gecko skeleton (D:4)
  A quokka zombie (D:6)
  7 rats
  2 crawling corpses (Elf:3)
  A plant (Lair:1)
1059 creatures vanquished.

Vanquished Creatures (collateral kills)
  Agnes (D:15)
  A shadow dragon (D:11)
  A nagaraja (Snake:3)
  An orc warlord (Orc:1)
  An ugly thing (D:11)
  A naga mage (Snake:3)
  A yak (D:11)
  A naga (Snake:3)
  An eye of draining (D:11)
  A bullfrog (D:11)
  An orc (Orc:1)
11 creatures vanquished.

Vanquished Creatures (others)
  A naga mage (Snake:2)
  An air elemental (Elf:3)
  A sky beast (D:12)
  An orc warrior (Orc:1)
  An adder (D:10)
  A leopard gecko skeleton (D:8)
  13 fungi
  10 plants
29 creatures vanquished.

Grand Total: 1099 creatures vanquished

Notes
Turn   | Place    | Note
-------+----------+-------------------------------------------
     0 | D:1      | mopl the Gnoll Berserker began the quest for the Orb.
     0 | D:1      | Reached XP level 1. HP: 23/23 MP: 1/1
   190 | D:1      | Reached XP level 2. HP: 29/29 MP: 2/2
   411 | D:1      | Reached XP level 3. HP: 35/35 MP: 3/3
   595 | D:1      | Reached ** piety under Trog
   791 | D:1      | Reached skill level 1 in Invocations
  1098 | D:2      | Noticed Natasha
  1340 | D:2      | Killed Natasha
  1340 | D:2      | Reached skill level 1 in Short Blades
  1340 | D:2      | Reached skill level 1 in Long Blades
  1340 | D:2      | Reached skill level 1 in Axes
  1340 | D:2      | Reached skill level 1 in Maces & Flails
  1340 | D:2      | Reached skill level 1 in Staves
  1340 | D:2      | Reached skill level 1 in Slings
  1340 | D:2      | Reached skill level 1 in Bows
  1340 | D:2      | Reached skill level 1 in Crossbows
  1340 | D:2      | Reached skill level 1 in Throwing
  1340 | D:2      | Reached skill level 1 in Stealth
  1340 | D:2      | Reached skill level 1 in Shields
  1340 | D:2      | Reached skill level 1 in Unarmed Combat
  1340 | D:2      | Reached skill level 1 in Spellcasting
  1340 | D:2      | Reached skill level 1 in Evocations
  1340 | D:2      | Reached XP level 4. HP: 40/41 MP: 5/5
  1360 | D:2      | Reached skill level 1 in Conjurations
  1360 | D:2      | Reached skill level 1 in Hexes
  1360 | D:2      | Reached skill level 1 in Charms
  1360 | D:2      | Reached skill level 1 in Summonings
  1360 | D:2      | Reached skill level 1 in Necromancy
  1360 | D:2      | Reached skill level 1 in Translocations
  1360 | D:2      | Reached skill level 1 in Transmutations
  1360 | D:2      | Reached skill level 1 in Fire Magic
  1360 | D:2      | Reached skill level 1 in Ice Magic
  1360 | D:2      | Reached skill level 1 in Air Magic
  1360 | D:2      | Reached skill level 1 in Earth Magic
  1360 | D:2      | Reached skill level 1 in Poison Magic
  1387 | D:2      | Noticed Robin
  1405 | D:2      | Killed Robin
  1405 | D:2      | Reached XP level 5. HP: 40/47 MP: 6/6
  1549 | D:2      | Noticed Natasha
  1553 | D:2      | Reached *** piety under Trog
  1563 | D:2      | Killed Natasha
  1647 | D:2      | Noticed Natasha
  1656 | D:2      | Killed Natasha
  2064 | D:3      | Found a glowing drain.
  2090 | D:3      | Reached XP level 6. HP: 52/53 MP: 8/8
  2107 | Sewer    | Entered a sewer
  2124 | Sewer    | Reached skill level 2 in Invocations
  2132 | Sewer    | Received a gift from Trog
  2298 | Sewer    | Reached skill level 5 in Armour
  2298 | Sewer    | Reached skill level 5 in Dodging
  2428 | Sewer    | Reached skill level 2 in Short Blades
  2428 | Sewer    | Reached skill level 2 in Long Blades
  2428 | Sewer    | Reached skill level 2 in Axes
  2428 | Sewer    | Reached skill level 2 in Maces & Flails
  2428 | Sewer    | Reached skill level 2 in Staves
  2428 | Sewer    | Reached skill level 2 in Slings
  2428 | Sewer    | Reached skill level 2 in Bows
  2428 | Sewer    | Reached skill level 2 in Crossbows
  2428 | Sewer    | Reached skill level 2 in Throwing
  2428 | Sewer    | Reached skill level 2 in Stealth
  2428 | Sewer    | Reached skill level 2 in Shields
  2428 | Sewer    | Reached skill level 2 in Unarmed Combat
  2428 | Sewer    | Reached skill level 2 in Spellcasting
  2428 | Sewer    | Reached skill level 2 in Evocations
  2732 | D:3      | Noticed a phantom
  2762 | D:3      | Reached **** piety under Trog
  2775 | D:3      | Killed a phantom
  2775 | D:3      | Reached XP level 7. HP: 44/59 MP: 10/10
  3134 | D:4      | Found Nirha's Magic Scroll Emporium.
  3155 | D:4      | Bought a scroll of blinking for 82 gold pieces
  3155 | D:4      | Bought a scroll of magic mapping for 38 gold pieces
  3155 | D:4      | Bought a scroll of identify for 22 gold pieces
  3155 | D:4      | Bought a scroll of identify for 22 gold pieces
  3155 | D:4      | Bought a scroll of identify for 22 gold pieces
  3216 | D:4      | Reached skill level 7 in Fighting
  3216 | D:4      | Reached skill level 7 in Polearms
  3308 | D:4      | Got a twisted robe
  3395 | D:4      | Reached skill level 2 in Conjurations
  3395 | D:4      | Reached skill level 2 in Hexes
  3395 | D:4      | Reached skill level 2 in Charms
  3395 | D:4      | Reached skill level 2 in Summonings
  3395 | D:4      | Reached skill level 2 in Necromancy
  3395 | D:4      | Reached skill level 2 in Translocations
  3395 | D:4      | Reached skill level 2 in Transmutations
  3395 | D:4      | Reached skill level 2 in Fire Magic
  3395 | D:4      | Reached skill level 2 in Ice Magic
  3395 | D:4      | Reached skill level 2 in Air Magic
  3395 | D:4      | Reached skill level 2 in Earth Magic
  3395 | D:4      | Reached skill level 2 in Poison Magic
  3468 | D:4      | Reached skill level 3 in Invocations
  3877 | D:5      | Entered Level 5 of the Dungeon
  3949 | D:5      | Reached XP level 8. HP: 61/67 MP: 12/12
  4059 | D:5      | Reached skill level 3 in Short Blades
  4059 | D:5      | Reached skill level 3 in Long Blades
  4059 | D:5      | Reached skill level 3 in Axes
  4059 | D:5      | Reached skill level 3 in Maces & Flails
  4059 | D:5      | Reached skill level 3 in Staves
  4059 | D:5      | Reached skill level 3 in Slings
  4059 | D:5      | Reached skill level 3 in Bows
  4059 | D:5      | Reached skill level 3 in Crossbows
  4059 | D:5      | Reached skill level 3 in Throwing
  4059 | D:5      | Reached skill level 3 in Stealth
  4059 | D:5      | Reached skill level 3 in Shields
  4059 | D:5      | Reached skill level 3 in Unarmed Combat
  4059 | D:5      | Reached skill level 3 in Spellcasting
  4059 | D:5      | Reached skill level 3 in Evocations
  4745 | D:6      | Found a hide-covered altar of Uskayaw.
  4793 | D:6      | Found a staircase to the Ecumenical Temple.
  4915 | D:6      | Reached skill level 3 in Conjurations
  4915 | D:6      | Reached skill level 3 in Hexes
  4915 | D:6      | Reached skill level 3 in Charms
  4915 | D:6      | Reached skill level 3 in Summonings
  4915 | D:6      | Reached skill level 3 in Necromancy
  4915 | D:6      | Reached skill level 3 in Translocations
  4915 | D:6      | Reached skill level 3 in Transmutations
  4915 | D:6      | Reached skill level 3 in Fire Magic
  4915 | D:6      | Reached skill level 3 in Ice Magic
  4915 | D:6      | Reached skill level 3 in Air Magic
  4915 | D:6      | Reached skill level 3 in Earth Magic
  4915 | D:6      | Reached skill level 3 in Poison Magic
  4915 | D:6      | Reached skill level 4 in Invocations
  5139 | D:6      | Reached XP level 9. HP: 67/72 MP: 14/14
  5214 | D:6      | Reached skill level 6 in Armour
  5214 | D:6      | Reached skill level 6 in Dodging
  5611 | D:7      | Found a radiant altar of Vehumet.
  5625 | D:7      | Reached skill level 4 in Short Blades
  5625 | D:7      | Reached skill level 4 in Long Blades
  5625 | D:7      | Reached skill level 4 in Axes
  5625 | D:7      | Reached skill level 4 in Maces & Flails
  5625 | D:7      | Reached skill level 4 in Staves
  5625 | D:7      | Reached skill level 4 in Slings
  5625 | D:7      | Reached skill level 4 in Bows
  5625 | D:7      | Reached skill level 4 in Crossbows
  5625 | D:7      | Reached skill level 4 in Throwing
  5625 | D:7      | Reached skill level 4 in Stealth
  5625 | D:7      | Reached skill level 4 in Shields
  5625 | D:7      | Reached skill level 4 in Unarmed Combat
  5625 | D:7      | Reached skill level 4 in Spellcasting
  5625 | D:7      | Reached skill level 4 in Evocations
  5780 | D:7      | Noticed Joseph
  5790 | D:7      | Killed Joseph
  5801 | D:7      | Reached skill level 8 in Fighting
  5801 | D:7      | Reached skill level 8 in Polearms
  5859 | D:7      | Noticed Pikel
  5870 | D:7      | Killed Pikel
  5870 | D:7      | Reached skill level 5 in Invocations
  6037 | D:7      | Reached ***** piety under Trog
  6037 | D:7      | Reached XP level 10. HP: 80/80 MP: 15/17
  6146 | D:7      | Reached skill level 4 in Conjurations
  6146 | D:7      | Reached skill level 4 in Hexes
  6146 | D:7      | Reached skill level 4 in Charms
  6146 | D:7      | Reached skill level 4 in Summonings
  6146 | D:7      | Reached skill level 4 in Necromancy
  6146 | D:7      | Reached skill level 4 in Translocations
  6146 | D:7      | Reached skill level 4 in Transmutations
  6146 | D:7      | Reached skill level 4 in Fire Magic
  6146 | D:7      | Reached skill level 4 in Ice Magic
  6146 | D:7      | Reached skill level 4 in Air Magic
  6146 | D:7      | Reached skill level 4 in Earth Magic
  6146 | D:7      | Reached skill level 4 in Poison Magic
  6398 | D:7      | Found a runed door.
  6494 | D:7      | Noticed Crazy Yiuf
  6500 | D:7      | Killed Crazy Yiuf
  6652 | D:8      | Found Ufelueme's Magic Scroll Shop.
  6668 | D:8      | Reached skill level 5 in Short Blades
  6668 | D:8      | Reached skill level 5 in Long Blades
  6668 | D:8      | Reached skill level 5 in Axes
  6668 | D:8      | Reached skill level 5 in Maces & Flails
  6668 | D:8      | Reached skill level 5 in Staves
  6668 | D:8      | Reached skill level 5 in Slings
  6668 | D:8      | Reached skill level 5 in Bows
  6668 | D:8      | Reached skill level 5 in Crossbows
  6668 | D:8      | Reached skill level 5 in Throwing
  6668 | D:8      | Reached skill level 5 in Stealth
  6668 | D:8      | Reached skill level 5 in Shields
  6668 | D:8      | Reached skill level 5 in Unarmed Combat
  6668 | D:8      | Reached skill level 5 in Spellcasting
  6668 | D:8      | Reached skill level 5 in Evocations
  6672 | D:8      | Found Batorgh's Antique Weapon Shop.
  6678 | D:8      | Bought a scroll of noise for 12 gold pieces
  6678 | D:8      | Bought a scroll of amnesia for 42 gold pieces
  6680 | D:8      | Bought a scroll of remove curse for 36 gold pieces
  6680 | D:8      | Bought a scroll of torment for 90 gold pieces
  6680 | D:8      | Bought a scroll of teleportation for 36 gold pieces
  6691 | D:8      | Found Qaleej's Jewellery Shoppe.
  6695 | D:8      | Noticed a two-headed ogre
  6712 | D:8      | Killed a two-headed ogre
  6712 | D:8      | Reached skill level 7 in Armour
  6712 | D:8      | Reached skill level 7 in Dodging
  6917 | D:8      | Found Zin Kamy's Antique Armour Shoppe.
  6923 | D:8      | Found Zaamubil's Antique Armour Emporium.
  6957 | D:8      | Noticed Psyche
  6959 | D:8      | Killed Psyche
  7407 | D:8      | Identified the +1 robe "Ruox" {Str+2} (You found it on level 4 of the Dungeon)
  7492 | D:9      | Reached skill level 6 in Invocations
  7519 | D:9      | Found a flagged portal.
  7545 | Bailey   | Entered a bailey
  7730 | Bailey   | Noticed an orc knight
  7794 | Bailey   | Killed an orc knight
  7850 | Bailey   | Got a crude crystal plate armour
  7865 | Bailey   | Identified the +6 crystal plate armour of Inviolability {*Corrode +Fly Str-2 Int+8} (You found it in a bailey)
  8028 | D:9      | Reached XP level 11. HP: 87/87 MP: 19/19
  8344 | D:9      | Received a gift from Trog
  8676 | D:9      | Found a staircase to the Lair.
  8680 | Lair:1   | Entered Level 1 of the Lair of Beasts
  8690 | Lair:1   | Reached skill level 9 in Fighting
  8690 | Lair:1   | Reached skill level 9 in Polearms
  8745 | Lair:1   | Reached skill level 6 in Short Blades
  8745 | Lair:1   | Reached skill level 6 in Long Blades
  8745 | Lair:1   | Reached skill level 6 in Axes
  8745 | Lair:1   | Reached skill level 6 in Maces & Flails
  8745 | Lair:1   | Reached skill level 6 in Staves
  8745 | Lair:1   | Reached skill level 6 in Slings
  8745 | Lair:1   | Reached skill level 6 in Bows
  8745 | Lair:1   | Reached skill level 6 in Crossbows
  8745 | Lair:1   | Reached skill level 6 in Throwing
  8745 | Lair:1   | Reached skill level 6 in Stealth
  8745 | Lair:1   | Reached skill level 6 in Shields
  8745 | Lair:1   | Reached skill level 6 in Unarmed Combat
  8745 | Lair:1   | Reached skill level 6 in Spellcasting
  8745 | Lair:1   | Reached skill level 6 in Evocations
  8795 | Lair:1   | Received a gift from Trog
  8795 | Lair:1   | Reached skill level 5 in Conjurations
  8795 | Lair:1   | Reached skill level 5 in Hexes
  8795 | Lair:1   | Reached skill level 5 in Charms
  8795 | Lair:1   | Reached skill level 5 in Summonings
  8795 | Lair:1   | Reached skill level 5 in Necromancy
  8795 | Lair:1   | Reached skill level 5 in Translocations
  8795 | Lair:1   | Reached skill level 5 in Transmutations
  8795 | Lair:1   | Reached skill level 5 in Fire Magic
  8795 | Lair:1   | Reached skill level 5 in Ice Magic
  8795 | Lair:1   | Reached skill level 5 in Air Magic
  8795 | Lair:1   | Reached skill level 5 in Earth Magic
  8795 | Lair:1   | Reached skill level 5 in Poison Magic
  8799 | Lair:1   | Found a labyrinth entrance.
  8811 | Lab      | Entered a labyrinth
  9117 | Lab      | Noticed a minotaur
  9124 | Lab      | Killed a minotaur
  9173 | Lab      | Got an ichor-stained spear
  9174 | Lab      | Identified the +3 spear of the Mosquito {freeze, rF+ Str+3 Dex+7} (You found it in a labyrinth)
  9179 | Lab      | Got a heavily runed chain mail
  9190 | Lab      | Identified the +0 chain mail "Metaleint" {rN+ Dex+2} (You found it in a labyrinth)
  9724 | Lair:1   | You fall through a shaft!
  9724 | Lair:2   | Noticed Urug
  9739 | Lair:2   | Killed Urug
  9741 | Lair:2   | Reached skill level 7 in Invocations
  9752 | Lair:2   | Got a fabulously ornate robe
 10016 | Lair:2   | Reached skill level 8 in Armour
 10016 | Lair:2   | Reached skill level 8 in Dodging
 10076 | Lair:2   | Received a gift from Trog
 10771 | Lair:1   | Reached XP level 12. HP: 69/96 MP: 22/22
 11002 | D:10     | Entered Level 10 of the Dungeon
 11002 | D:10     | Noticed a two-headed ogre
 11008 | D:10     | Killed a two-headed ogre
 11186 | D:10     | Noticed Nergalle
 11217 | D:10     | Killed Nergalle
 11455 | D:10     | Reached skill level 7 in Short Blades
 11455 | D:10     | Reached skill level 7 in Long Blades
 11455 | D:10     | Reached skill level 7 in Axes
 11455 | D:10     | Reached skill level 7 in Maces & Flails
 11455 | D:10     | Reached skill level 7 in Staves
 11455 | D:10     | Reached skill level 7 in Slings
 11455 | D:10     | Reached skill level 7 in Bows
 11455 | D:10     | Reached skill level 7 in Crossbows
 11455 | D:10     | Reached skill level 7 in Throwing
 11455 | D:10     | Reached skill level 7 in Stealth
 11455 | D:10     | Reached skill level 7 in Shields
 11455 | D:10     | Reached skill level 7 in Unarmed Combat
 11455 | D:10     | Reached skill level 7 in Spellcasting
 11455 | D:10     | Reached skill level 7 in Evocations
 12108 | D:11     | Noticed a two-headed ogre
 12115 | D:11     | Killed a two-headed ogre
 12525 | D:11     | Reached skill level 6 in Conjurations
 12525 | D:11     | Reached skill level 6 in Hexes
 12525 | D:11     | Reached skill level 6 in Charms
 12525 | D:11     | Reached skill level 6 in Summonings
 12525 | D:11     | Reached skill level 6 in Necromancy
 12525 | D:11     | Reached skill level 6 in Translocations
 12525 | D:11     | Reached skill level 6 in Transmutations
 12525 | D:11     | Reached skill level 6 in Fire Magic
 12525 | D:11     | Reached skill level 6 in Ice Magic
 12525 | D:11     | Reached skill level 6 in Air Magic
 12525 | D:11     | Reached skill level 6 in Earth Magic
 12525 | D:11     | Reached skill level 6 in Poison Magic
 12879 | D:11     | Reached skill level 8 in Invocations
 12977 | D:11     | Found a staircase to the Orcish Mines.
 13366 | Orc:1    | Entered Level 1 of the Orcish Mines
 13582 | Orc:2    | Entered Level 2 of the Orcish Mines
 13679 | Orc:2    | Found a staircase to the Elven Halls.
 13997 | Orc:1    | Noticed an orc high priest
 14004 | Orc:1    | Killed an orc high priest
 14034 | Orc:2    | Reached skill level 10 in Fighting
 14034 | Orc:2    | Reached skill level 10 in Polearms
 14419 | Orc:1    | Received a gift from Trog
 14668 | Orc:2    | Noticed an orc warlord
 15049 | Orc:1    | Killed an orc warlord
 15049 | Orc:1    | Reached skill level 9 in Armour
 15049 | Orc:1    | Reached skill level 9 in Dodging
 15484 | Orc:2    | Noticed a two-headed ogre
 15497 | Orc:2    | Received a gift from Trog
 15595 | Orc:2    | Reached XP level 13. HP: 103/103 MP: 24/24
 16157 | Orc:2    | Noticed an ogre mage
 16172 | Orc:2    | Killed an ogre mage
 16186 | Orc:2    | Noticed an ogre mage
 16383 | Orc:2    | Killed an ogre mage
 16383 | Orc:2    | Reached skill level 8 in Short Blades
 16383 | Orc:2    | Reached skill level 8 in Long Blades
 16383 | Orc:2    | Reached skill level 8 in Axes
 16383 | Orc:2    | Reached skill level 8 in Maces & Flails
 16383 | Orc:2    | Reached skill level 8 in Staves
 16383 | Orc:2    | Reached skill level 8 in Slings
 16383 | Orc:2    | Reached skill level 8 in Bows
 16383 | Orc:2    | Reached skill level 8 in Crossbows
 16383 | Orc:2    | Reached skill level 8 in Throwing
 16383 | Orc:2    | Reached skill level 8 in Stealth
 16383 | Orc:2    | Reached skill level 8 in Shields
 16383 | Orc:2    | Reached skill level 8 in Unarmed Combat
 16383 | Orc:2    | Reached skill level 8 in Spellcasting
 16383 | Orc:2    | Reached skill level 8 in Evocations
 16743 | Orc:2    | Reached skill level 9 in Invocations
 16955 | Orc:2    | Reached skill level 7 in Conjurations
 16955 | Orc:2    | Reached skill level 7 in Hexes
 16955 | Orc:2    | Reached skill level 7 in Charms
 16955 | Orc:2    | Reached skill level 7 in Summonings
 16955 | Orc:2    | Reached skill level 7 in Necromancy
 16955 | Orc:2    | Reached skill level 7 in Translocations
 16955 | Orc:2    | Reached skill level 7 in Transmutations
 16955 | Orc:2    | Reached skill level 7 in Fire Magic
 16955 | Orc:2    | Reached skill level 7 in Ice Magic
 16955 | Orc:2    | Reached skill level 7 in Air Magic
 16955 | Orc:2    | Reached skill level 7 in Earth Magic
 16955 | Orc:2    | Reached skill level 7 in Poison Magic
 17013 | Orc:2    | Found Wobutei's Jewellery Shop.
 17013 | Orc:2    | Found Ipsumiw's Distillery.
 17014 | Orc:2    | Found Oczokk's Weapon Shoppe.
 17014 | Orc:2    | Found Qeoll's Distillery.
 17026 | Orc:2    | Bought a potion of brilliance for 60 gold pieces
 17028 | Orc:2    | Bought a potion of flight for 48 gold pieces
 17083 | Orc:2    | Bought a potion of agility for 60 gold pieces
 17083 | Orc:2    | Bought a potion of curing for 45 gold pieces
 17083 | Orc:2    | Bought a potion of heal wounds for 75 gold pieces
 17084 | Orc:2    | Bought a potion of haste for 160 gold pieces
 17084 | Orc:2    | Bought a potion of might for 64 gold pieces
 17084 | Orc:2    | Bought a potion of curing for 48 gold pieces
 17084 | Orc:2    | Bought a potion of might for 64 gold pieces
 17084 | Orc:2    | Bought a potion of curing for 48 gold pieces
 17461 | D:4      | Bought a scroll of immolation for 38 gold pieces
 17461 | D:4      | Bought a scroll of teleportation for 33 gold pieces
 17461 | D:4      | Bought a scroll of immolation for 38 gold pieces
 17461 | D:4      | Bought a scroll of remove curse for 33 gold pieces
 18748 | Lair:3   | Reached XP level 14. HP: 104/111 MP: 26/26
 19086 | Lair:3   | Found a staircase to the Snake Pit.
 19531 | Lair:4   | Received a gift from Trog
 19574 | Lair:4   | Noticed Typee's ghost (journeyman OpFE)
 19630 | Lair:4   | Killed Typee's ghost
 19630 | Lair:4   | Reached skill level 10 in Armour
 19630 | Lair:4   | Reached skill level 10 in Dodging
 20295 | Lair:4   | Found a staircase to the Shoals.
 20944 | Lair:5   | Reached skill level 11 in Fighting
 20944 | Lair:5   | Reached skill level 11 in Polearms
 20983 | Lair:5   | Reached skill level 9 in Short Blades
 20983 | Lair:5   | Reached skill level 9 in Long Blades
 20983 | Lair:5   | Reached skill level 9 in Axes
 20983 | Lair:5   | Reached skill level 9 in Maces & Flails
 20983 | Lair:5   | Reached skill level 9 in Staves
 20983 | Lair:5   | Reached skill level 9 in Slings
 20983 | Lair:5   | Reached skill level 9 in Bows
 20983 | Lair:5   | Reached skill level 9 in Crossbows
 20983 | Lair:5   | Reached skill level 9 in Throwing
 20983 | Lair:5   | Reached skill level 9 in Stealth
 20983 | Lair:5   | Reached skill level 9 in Shields
 20983 | Lair:5   | Reached skill level 9 in Unarmed Combat
 20983 | Lair:5   | Reached skill level 9 in Spellcasting
 20983 | Lair:5   | Reached skill level 9 in Evocations
 21016 | Lair:5   | Received a gift from Trog
 21506 | Lair:5   | Received a gift from Trog
 22111 | Lair:6   | Entered Level 6 of the Lair of Beasts
 22236 | Lair:6   | Found a staircase to the Slime Pits.
 22590 | Lair:6   | Reached skill level 10 in Invocations
 23527 | Lair:6   | Got a brightly glowing golden ring
 23529 | Lair:6   | Identified the ring of Keadon {Ice Dex+8} (You found it on level 6 of the Lair of Beasts)
 23535 | Lair:6   | Got a warped demon blade
 23536 | Lair:6   | Identified the cursed +1 demon blade of Vusiun {freeze, *Slow rF+++ rC- Dex+5} (You found it on level 6 of the Lair of Beasts)
 24558 | D:12     | Noticed a shadow dragon
 24892 | D:11     | Killed a shadow dragon
 24894 | D:11     | Reached skill level 8 in Conjurations
 24894 | D:11     | Reached skill level 8 in Hexes
 24894 | D:11     | Reached skill level 8 in Charms
 24894 | D:11     | Reached skill level 8 in Summonings
 24894 | D:11     | Reached skill level 8 in Necromancy
 24894 | D:11     | Reached skill level 8 in Translocations
 24894 | D:11     | Reached skill level 8 in Transmutations
 24894 | D:11     | Reached skill level 8 in Fire Magic
 24894 | D:11     | Reached skill level 8 in Ice Magic
 24894 | D:11     | Reached skill level 8 in Air Magic
 24894 | D:11     | Reached skill level 8 in Earth Magic
 24894 | D:11     | Reached skill level 8 in Poison Magic
 25143 | D:12     | Received a gift from Trog
 25177 | D:12     | Got a pitted scimitar
 25178 | D:12     | Identified the +4 scimitar of Toleutz {slice, Fragile Int+6} (You found it on level 12 of the Dungeon)
 25360 | D:12     | Reached XP level 15. HP: 104/119 MP: 28/28
 25588 | D:12     | Received a gift from Trog
 25783 | D:12     | Found a basalt altar of Yredelemnul.
 26497 | D:13     | Identified a scroll of acquirement
 26499 | D:13     | Found the +15 Maxwell's patent armour {-Cast -Tele rElec MR+ rCorr}
 26846 | D:13     | Received a gift from Trog
 26882 | D:13     | Found the +3 pair of gauntlets of War {Slay+5}
 27734 | D:14     | Received a gift from Trog
 27747 | D:14     | Reached skill level 10 in Short Blades
 27747 | D:14     | Reached skill level 10 in Long Blades
 27747 | D:14     | Reached skill level 10 in Axes
 27747 | D:14     | Reached skill level 10 in Maces & Flails
 27747 | D:14     | Reached skill level 10 in Staves
 27747 | D:14     | Reached skill level 10 in Slings
 27747 | D:14     | Reached skill level 10 in Bows
 27747 | D:14     | Reached skill level 10 in Crossbows
 27747 | D:14     | Reached skill level 10 in Throwing
 27747 | D:14     | Reached skill level 10 in Stealth
 27747 | D:14     | Reached skill level 10 in Shields
 27747 | D:14     | Reached skill level 10 in Unarmed Combat
 27747 | D:14     | Reached skill level 10 in Spellcasting
 27747 | D:14     | Reached skill level 10 in Evocations
 27755 | D:14     | Found a gate to the Vaults.
 27919 | D:14     | Found Olas's Antique Weapon Boutique.
 28088 | D:14     | Reached skill level 11 in Armour
 28088 | D:14     | Reached skill level 11 in Dodging
 28098 | D:14     | Received a gift from Trog
 28353 | D:15     | Entered Level 15 of the Dungeon
 28398 | D:15     | Noticed Agnes
 28407 | D:15     | Killed Agnes
 28685 | D:15     | Noticed a fire giant
 28687 | D:15     | Reached skill level 11 in Invocations
 28731 | D:15     | Killed a fire giant
 28811 | D:15     | Found Deref's Gadget Boutique.
 28831 | D:15     | Noticed Nessos
 28843 | D:15     | Killed Nessos
 28982 | D:15     | Found a staircase to the Depths.
 29097 | D:15     | Found Amo Zaes's Magic Scroll Boutique.
 29117 | D:15     | Bought a scroll of teleportation for 42 gold pieces
 29117 | D:15     | Bought a scroll of enchant weapon for 105 gold pieces
 29117 | D:15     | Bought a scroll of teleportation for 42 gold pieces
 29664 | D:8      | Bought a distressingly furry plate armour for 924 gold pieces
 29674 | D:8      | Identified the cursed +1 plate armour "Vivob" {rElec MR+} (You bought it in a shop on level 8 of the Dungeon)
 29877 | Elf:1    | Entered Level 1 of the Elven Halls
 30032 | Elf:1    | Reached skill level 12 in Fighting
 30032 | Elf:1    | Reached skill level 12 in Polearms
 30213 | Elf:1    | Reached XP level 16. HP: 114/127 MP: 10/30
 30250 | Elf:1    | Received a gift from Trog
 31663 | Elf:2    | Reached skill level 9 in Conjurations
 31663 | Elf:2    | Reached skill level 9 in Hexes
 31663 | Elf:2    | Reached skill level 9 in Charms
 31663 | Elf:2    | Reached skill level 9 in Summonings
 31663 | Elf:2    | Reached skill level 9 in Necromancy
 31663 | Elf:2    | Reached skill level 9 in Translocations
 31663 | Elf:2    | Reached skill level 9 in Transmutations
 31663 | Elf:2    | Reached skill level 9 in Fire Magic
 31663 | Elf:2    | Reached skill level 9 in Ice Magic
 31663 | Elf:2    | Reached skill level 9 in Air Magic
 31663 | Elf:2    | Reached skill level 9 in Earth Magic
 31663 | Elf:2    | Reached skill level 9 in Poison Magic
 31887 | Elf:2    | Received a gift from Trog
 32020 | Elf:2    | Received a gift from Trog
 32295 | Elf:2    | Found a runed gate.
 32295 | Elf:2    | Found a runed gate.
 32296 | Elf:2    | Found a runed gate.
 32472 | Elf:3    | Entered Level 3 of the Elven Halls
 32510 | Elf:3    | Paralysed by a floating eye for 2 turns
 32716 | Elf:3    | Found an ancient bone altar of Kikubaaqudgha.
 32769 | Elf:3    | Noticed a deep elf blademaster
 32791 | Elf:3    | Noticed an Executioner
 32793 | Elf:3    | Killed a deep elf blademaster
 32793 | Elf:3    | Reached skill level 11 in Short Blades
 32793 | Elf:3    | Reached skill level 11 in Long Blades
 32793 | Elf:3    | Reached skill level 11 in Axes
 32793 | Elf:3    | Reached skill level 11 in Maces & Flails
 32793 | Elf:3    | Reached skill level 11 in Staves
 32793 | Elf:3    | Reached skill level 11 in Slings
 32793 | Elf:3    | Reached skill level 11 in Bows
 32793 | Elf:3    | Reached skill level 11 in Crossbows
 32793 | Elf:3    | Reached skill level 11 in Throwing
 32793 | Elf:3    | Reached skill level 11 in Stealth
 32793 | Elf:3    | Reached skill level 11 in Shields
 32793 | Elf:3    | Reached skill level 11 in Unarmed Combat
 32793 | Elf:3    | Reached skill level 11 in Spellcasting
 32793 | Elf:3    | Reached skill level 11 in Evocations
 33012 | Elf:3    | Noticed a deep elf master archer
 33024 | Elf:3    | Killed a deep elf master archer
 33024 | Elf:3    | Reached XP level 17. HP: 57/135 MP: 32/32
 33042 | Elf:3    | Reached skill level 12 in Invocations
 33086 | Elf:3    | Received a gift from Trog
 33246 | Elf:3    | Noticed a Tzitzimitl
 33658 | Elf:3    | Reached skill level 12 in Armour
 33658 | Elf:3    | Reached skill level 12 in Dodging
 34022 | Elf:3    | Got a shimmering great sword {freeze}
 34025 | Elf:3    | Identified the cursed +0 great sword of Ynig {freeze, rPois} (You took it off a deep elf elementalist on level 3 of the Elven Halls)
 34047 | Elf:3    | Got a sparkling brass ring
 34049 | Elf:3    | Identified the ring of Equivalence {Ice *Slow +Fly Int+7 SInv} (You took it off a deep elf death mage on level 3 of the Elven Halls)
 34136 | Elf:3    | Got a vibrating jade ring
 34146 | Elf:3    | Identified the ring "Ziosu" {Ice +Fly rN++ MP+9 Dex+2} (You took it off a deep elf death mage on level 3 of the Elven Halls)
 34238 | Elf:3    | Noticed a deep elf master archer
 34240 | Elf:3    | Noticed a deep elf blademaster
 34250 | Elf:3    | Killed a deep elf blademaster
 34253 | Elf:3    | Killed a deep elf master archer
 34584 | Elf:3    | Reached ****** piety under Trog
 34673 | Elf:3    | Got a dazzling quarterstaff {crush}
 34674 | Elf:3    | Identified the +7 quarterstaff "Ultimatum" {crush, Str+3 Dex-4} (You took it off a deep elf demonologist on level 3 of the Elven Halls)
 34691 | Elf:3    | Received a gift from Trog
 35003 | Elf:3    | Reached skill level 13 in Fighting
 35003 | Elf:3    | Reached skill level 13 in Polearms
 35022 | Elf:3    | Found Esesaluz's Food Emporium.
 35241 | Elf:3    | Identified the Incunabulum of Sinister Conjuration
 35243 | Elf:3    | Received a gift from Trog
 35370 | Elf:3    | Got a warped ring mail
 35381 | Elf:3    | Identified the +4 ring mail of Rationality {Str+7 Int+4 Dex-3 Stlth+} (You found it on level 3 of the Elven Halls)
 35464 | Elf:3    | Upgraded the game from 0.21-a0-528-gf531e82 to 0.21-a0-529-g8c7b3f5
 36123 | Snake:1  | Entered Level 1 of the Snake Pit
 36740 | Snake:1  | Reached skill level 10 in Conjurations
 36740 | Snake:1  | Reached skill level 10 in Hexes
 36740 | Snake:1  | Reached skill level 10 in Charms
 36740 | Snake:1  | Reached skill level 10 in Summonings
 36740 | Snake:1  | Reached skill level 10 in Necromancy
 36740 | Snake:1  | Reached skill level 10 in Translocations
 36740 | Snake:1  | Reached skill level 10 in Transmutations
 36740 | Snake:1  | Reached skill level 10 in Fire Magic
 36740 | Snake:1  | Reached skill level 10 in Ice Magic
 36740 | Snake:1  | Reached skill level 10 in Air Magic
 36740 | Snake:1  | Reached skill level 10 in Earth Magic
 36740 | Snake:1  | Reached skill level 10 in Poison Magic
 37079 | Snake:1  | Reached XP level 18. HP: 114/143 MP: 33/33
 37176 | Snake:1  | Identified the +7 ring mail "Satwonk" {*Corrode rF+ rC+ Int+2} (You found it on level 1 of the Snake Pit)
 37186 | Snake:1  | Received a gift from Trog
 37908 | Snake:1  | Received a gift from Trog
 38418 | Snake:2  | HP: 7/143 [poisoned by a naga ritualist (toxic radiance)]
 39182 | Snake:2  | Reached skill level 12 in Short Blades
 39182 | Snake:2  | Reached skill level 12 in Long Blades
 39182 | Snake:2  | Reached skill level 12 in Axes
 39182 | Snake:2  | Reached skill level 12 in Maces & Flails
 39182 | Snake:2  | Reached skill level 12 in Staves
 39182 | Snake:2  | Reached skill level 12 in Slings
 39182 | Snake:2  | Reached skill level 12 in Bows
 39182 | Snake:2  | Reached skill level 12 in Crossbows
 39182 | Snake:2  | Reached skill level 12 in Throwing
 39182 | Snake:2  | Reached skill level 12 in Stealth
 39182 | Snake:2  | Reached skill level 12 in Shields
 39182 | Snake:2  | Reached skill level 12 in Unarmed Combat
 39182 | Snake:2  | Reached skill level 12 in Spellcasting
 39182 | Snake:2  | Reached skill level 12 in Evocations
 39527 | Snake:2  | Received a gift from Trog
 39612 | Snake:2  | Reached skill level 13 in Invocations
 40826 | Snake:3  | Received a gift from Trog
 41512 | Snake:3  | Found Keedium's Antique Armour Shop.
 41646 | Snake:3  | Reached skill level 13 in Armour
 41646 | Snake:3  | Reached skill level 13 in Dodging
 41945 | Snake:4  | Entered Level 4 of the Snake Pit
 42049 | Snake:4  | Reached XP level 19. HP: 58/151 MP: 35/35
 42393 | Snake:4  | Found Faeffesh's Antique Armour Emporium.
 42399 | Snake:4  | Found Ucyrch's Magic Scroll Shoppe.
 42401 | Snake:4  | Found Ridoat's Armour Emporium.
 42509 | Snake:4  | Received a gift from Trog
 43479 | Snake:4  | Received a gift from Trog
 44087 | Snake:4  | Slain by a naga warrior

Vault maps used:
D:1:      minmay_arrival_solitary_statue
D:2:      minmay_small_reverse_x, uniq_natasha, uniq_robin
D:3:      cheibrodos_sewer_entry_drain
D:4:      serial_shops, shop
D:5:      first_bread
D:6:      eat_drink_and_be_merry_uskayaw, minmay_temple_entry_glass
D:7:      basic_altar, uniq_pikel, uniq_crazy_yiuf_cottage, uniq_joseph
D:8:      serial_shops, shop, shop, shop, shop, shop, uniq_psyche
D:9:      lair_entry_dummy, enter_bailey_3
D:10:     uniq_nergalle
D:11:     orc_0_dummy
D:12:     basic_altar, the_bakery, kennysheep_island_fort
D:13:     fake_guardian_serpent_vault
D:14:     david_vaults_2, nrook_mini_backslash, serial_shops,
          nicolae_shop_waterfront
D:15:     grunt_enter_depths_giant_problem, minmay_misc_feat_more_columns,
          serial_shops, nicolae_shop_waterfront, shop_scrolls, uniq_nessos,
          uniq_agnes
Lair:1:   lab_entry_generic, hibernation_bobbens
Lair:2:   grunt_megastairs_4, uniq_urug
Lair:3:   dummy_snake_entry
Lair:4:   minmay_shoals_entry_beasts, disabler_island, infiniplex_staircase_pool
Lair:5:   serial_bayou_pond_b
Lair:6:   grunt_lair_end_beastmaster, nicolae_slime_entry_slimehenge,
          roderic_batcave, minivault_24, lemuel_fruit_tree
Snake:2:  nicolae_snake_single_loop
Snake:3:  serial_shops, shop_statue, hangedman_snake_sidewinding
Snake:4:  snake_pit, minmay_shop_star
Orc:2:    st_orc_ogre_mass, nicolae_orc_rich_vein
Elf:1:    minmay_elf_crystal_hexagon
Elf:2:    hangedman_elven_ridges, st_stairs_12, uniq_nikola
Elf:3:    grunt_elf_hall_branching, basic_altar, serial_shops, shop
Lab:      labyrinth_watery
Sewer:    sewer_co_15_rooms
Bailey:   bailey_polearm_1, bailey

Skill      XL: |  1  2  3  4  5  6  7  8  9 10 11 12 13 14 15 16 17 18 |
---------------+-------------------------------------------------------+-----
Invocations    | 1 2 3 4 5 6 7 8 9 10 11 12 13 | 13.5
Short Blades   | 1 2 3 4 5 6 7 8 9 10 11 12 | 12.5
Long Blades    | 1 2 3 4 5 6 7 8 9 10 11 12 | 12.5
Axes           | 1 2 3 4 5 6 7 8 9 10 11 12 | 12.5
Maces & Flails | 1 2 3 4 5 6 7 8 9 10 11 12 | 12.5
Staves         | 1 2 3 4 5 6 7 8 9 10 11 12 | 12.5
Slings         | 1 2 3 4 5 6 7 8 9 10 11 12 | 12.5
Bows           | 1 2 3 4 5 6 7 8 9 10 11 12 | 12.5
Crossbows      | 1 2 3 4 5 6 7 8 9 10 11 12 | 12.5
Throwing       | 1 2 3 4 5 6 7 8 9 10 11 12 | 12.5
Stealth        | 1 2 3 4 5 6 7 8 9 10 11 12 | 12.5
Shields        | 1 2 3 4 5 6 7 8 9 10 11 12 | 12.5
Unarmed Combat | 1 2 3 4 5 6 7 8 9 10 11 12 | 12.5
Spellcasting   | 1 2 3 4 5 6 7 8 9 10 11 12 | 12.5
Evocations     | 1 2 3 4 5 6 7 8 9 10 11 12 | 12.5
Conjurations   | 1 2 3 4 5 6 7 8 9 10 | 10.7
Hexes          | 1 2 3 4 5 6 7 8 9 10 | 10.7
Charms         | 1 2 3 4 5 6 7 8 9 10 | 10.7
Summonings     | 1 2 3 4 5 6 7 8 9 10 | 10.7
Necromancy     | 1 2 3 4 5 6 7 8 9 10 | 10.7
Translocations | 1 2 3 4 5 6 7 8 9 10 | 10.7
Transmutations | 1 2 3 4 5 6 7 8 9 10 | 10.7
Fire Magic     | 1 2 3 4 5 6 7 8 9 10 | 10.7
Ice Magic      | 1 2 3 4 5 6 7 8 9 10 | 10.7
Air Magic      | 1 2 3 4 5 6 7 8 9 10 | 10.7
Earth Magic    | 1 2 3 4 5 6 7 8 9 10 | 10.7
Poison Magic   | 1 2 3 4 5 6 7 8 9 10 | 10.7
Armour         | 5 6 7 8 9 10 11 12 13 | 13.2
Dodging        | 5 6 7 8 9 10 11 12 13 | 13.2
Fighting       | 7 8 9 10 11 12 13 | 13.8
Polearms       | 7 8 9 10 11 12 13 | 13.8

Action                   |  1- 3 |  4- 6 |  7- 9 | 10-12 | 13-15 | 16-18 | 19-21 || total
-------------------------+-------+-------+-------+-------+-------+-------+-------++-------
Melee: Spear             |   128 |   319 |    63 |       |    40 |       |       ||   550
       Bite              |    13 |    40 |    45 |   123 |   259 |   153 |    16 ||   649
       Trident           |       |       |   292 |       |       |       |       ||   292
       Punch             |       |       |     3 |       |     4 |    12 |       ||    19
       Glaive            |       |       |    66 |   884 |  1367 |     2 |       ||  2319
       Lajatang          |       |       |       |       |    76 |   800 |   124 ||  1000
       Demon whip        |       |       |       |       |    52 |   228 |       ||   280
 Fire: Shortbow          |       |       |     5 |       |       |       |       ||     5
       Blowgun           |       |       |       |    37 |       |       |       ||    37
       Longbow           |       |       |       |       |     3 |    48 |    57 ||   108
Throw: Stone             |       |       |     4 |    11 |       |       |       ||    15
       Tomahawk          |       |       |       |       |    24 |     8 |     1 ||    33
Invok: Berserk           |       |     3 |     8 |     7 |    10 |     4 |     1 ||    33
       Trog's Hand       |       |       |     2 |     5 |     7 |     6 |     1 ||    21
       Burn Spellbooks   |       |       |       |     1 |     2 |     5 |       ||     8
       Brothers in Arms  |       |       |       |     1 |     5 |     1 |       ||     7
 Abil: Evoke Flight      |       |       |       |     2 |     1 |       |       ||     3
Evoke: Wand              |       |       |       |    17 |    12 |     7 |     1 ||    37
  Use: Scroll            |       |     5 |     5 |     7 |    19 |     9 |       ||    45
       Potion            |       |       |       |       |       |     7 |     2 ||     9
 Stab: Sleeping          |     7 |     2 |       |       |       |       |       ||     9
       Paralysed         |       |       |       |    11 |     1 |       |       ||    12
       Petrified         |       |       |       |       |     2 |       |       ||     2
       Distracted        |       |       |       |       |     1 |     1 |       ||     2
       Petrifying        |       |       |       |       |     1 |       |       ||     1
  Eat: Chunk             |     1 |     7 |    20 |    44 |    36 |    16 |       ||   124
       Fruit             |       |       |       |       |    15 |     5 |       ||    20
       Bread ration      |       |       |       |       |     3 |     4 |     1 ||     8
       Royal jelly       |       |       |       |       |     2 |     2 |     1 ||     5
       Meat ration       |       |       |       |       |       |     1 |       ||     1
Armor: Animal skin       |     9 |       |       |       |       |       |       ||     9
       Ring mail         |     4 |    18 |       |       |       |       |       ||    22
       Chain mail        |       |    77 |   144 |   233 |       |       |       ||   454
       Plate armour      |       |       |    35 |   213 |   864 |   658 |   112 ||  1882
       Crystal plate arm |       |       |       |    11 |       |       |       ||    11
Dodge: Dodged            |    52 |   120 |   170 |   718 |  1143 |   605 |   172 ||  2980
Block: Other             |       |       |       |   175 |   181 |       |       ||   356
       Reflection        |       |       |       |     3 |     1 |       |       ||     4

Table legend:
 A = Spawn XP
 B = Non-spawn XP
 C = Spawn XP percentage of total XP
 D = Spawn monster count
 E = Non-spawn monster count
 F = Spawn count percentage of total count
 G = Total turns spent on level
                    A         B        C        D         E        F      G
               +---------+---------+-------+---------+---------+-------+---------
         Total |       0 |  343281 |   0.0 |       0 |    1066 |   0.0 | 44087
               +---------+---------+-------+---------+---------+-------+---------
           D:1 |       0 |      66 |   0.0 |       0 |      31 |   0.0 |  1229
           D:2 |       0 |     233 |   0.0 |       0 |      38 |   0.0 |   835
           D:3 |       0 |     236 |   0.0 |       0 |      33 |   0.0 |   688
           D:4 |       0 |     456 |   0.0 |       0 |      26 |   0.0 |   769
           D:5 |       0 |     637 |   0.0 |       0 |      21 |   0.0 |   861
           D:6 |       0 |     845 |   0.0 |       0 |      16 |   0.0 |  1044
           D:7 |       0 |    2788 |   0.0 |       0 |      37 |   0.0 |   852
           D:8 |       0 |    2209 |   0.0 |       0 |      13 |   0.0 |  1160
           D:9 |       0 |    1965 |   0.0 |       0 |      39 |   0.0 |  1371
          D:10 |       0 |    3124 |   0.0 |       0 |      21 |   0.0 |  1326
          D:11 |       0 |    5959 |   0.0 |       0 |      28 |   0.0 |  2101
          D:12 |       0 |    6252 |   0.0 |       0 |      37 |   0.0 |   804
          D:13 |       0 |    8798 |   0.0 |       0 |      41 |   0.0 |  1477
          D:14 |       0 |   13016 |   0.0 |       0 |      32 |   0.0 |   780
          D:15 |       0 |   10042 |   0.0 |       0 |      34 |   0.0 |  1101
        Lair:1 |       0 |    2254 |   0.0 |       0 |      11 |   0.0 |  1145
        Lair:2 |       0 |    7624 |   0.0 |       0 |      30 |   0.0 |  1788
        Lair:3 |       0 |    5953 |   0.0 |       0 |      30 |   0.0 |  1049
        Lair:4 |       0 |    5186 |   0.0 |       0 |      13 |   0.0 |  1381
        Lair:5 |       0 |    6149 |   0.0 |       0 |      22 |   0.0 |  1193
        Lair:6 |       0 |   14743 |   0.0 |       0 |      47 |   0.0 |  2214
       Snake:1 |       0 |   34206 |   0.0 |       0 |      63 |   0.0 |  2579
       Snake:2 |       0 |   19971 |   0.0 |       0 |      35 |   0.0 |  1025
       Snake:3 |       0 |   34937 |   0.0 |       0 |      64 |   0.0 |  3523
       Snake:4 |       0 |   28448 |   0.0 |       0 |      56 |   0.0 |   837
         Orc:1 |       0 |    5353 |   0.0 |       0 |      23 |   0.0 |  1602
         Orc:2 |       0 |   17464 |   0.0 |       0 |      67 |   0.0 |  2395
         Elf:1 |       0 |   17727 |   0.0 |       0 |      27 |   0.0 |  1684
         Elf:2 |       0 |   24346 |   0.0 |       0 |      39 |   0.0 |  1726
         Elf:3 |       0 |   59766 |   0.0 |       0 |      60 |   0.0 |  2323
           Lab |       0 |    1078 |   0.0 |       0 |       1 |   0.0 |   404
         Sewer |       0 |     156 |   0.0 |       0 |      17 |   0.0 |   374
        Bailey |       0 |    1294 |   0.0 |       0 |      14 |   0.0 |   447
               +---------+---------+-------+---------+---------+-------+---------
